 Dungeon Crawl Stone Soup version 0.22-a0-782-g038298e (webtiles) character file.

151 Ijustatesigmund the Chopper (level 5, 0/37 HPs)
             Began as an Octopode Fighter on July 20, 2018.
             Slain by a gnoll
             ... wielding a +0 halberd
              (11 damage)
             ... on level 3 of the Dungeon.
             The game lasted 00:06:41 (2002 turns).

Ijustatesigmund the Chopper (Octopode Fighter)      Turns: 2002, Time: 00:06:42

Health: 0/37       AC:  1    Str: 20    XL:     5   Next: 33%
Magic:  5/5        EV: 11    Int: 11    God:
Gold:   103        SH: 10    Dex: 12    Spells: 4/4 levels left

rFire    . . .     SeeInvis .   a - +0 war axe
rCold    . . .     Gourm    .   b - +1 shield
rNeg     + . .     Faith    .   (helmet restricted)
rPois    .         Spirit   .   (no amulet)
rElec    .         Reflect  .   l - ring of positive energy
rCorr    .         Harm     .   j - ring of protection from magic
MR       +....                  (no ring)
Stlth    ++........             (no ring)
HPRegen  0.12/turn              (no ring)
MPRegen  0.09/turn              (no ring)
                                (no ring)
                                (no ring)

@: mighty
A: almost no armour, stealthy swim, amphibious, 8 rings, constrict 8, camouflage
1, gelatinous body 1
a: no special abilities


You were on level 3 of the Dungeon.
You were not hungry.

You visited 1 branch of the dungeon, and saw 3 of its levels.

You collected 103 gold pieces.

Inventory:

Hand Weapons
 a - a +0 war axe (weapon)
Armour
 b - a +1 shield (worn)
Jewellery
 j - a ring of protection from magic (right tentacle)
 l - a ring of positive energy (left tentacle)
Scrolls
 g - a scroll of magic mapping
 k - a scroll of remove curse
Potions
 c - a potion of heal wounds
 e - 2 potions of curing
 f - 2 potions of invisibility {unknown}
 h - a potion of magic
 m - a potion of haste
Comestibles
 d - 6 rations


   Skills:
 + Level 4.1 Fighting
 * Level 4.5 Axes
 - Level 3.0 Dodging
 - Level 3.0 Shields


You had 4 spell levels left.
You didn't know any spells.
Your spell library was empty.

Dungeon Overview and Level Annotations

Branches:
Dungeon (3/15)

Altars:
Gozag
Hepliaklqana
Ru
Xom

Annotations:
D:3 Jessica


Innate Abilities, Weirdness & Mutations

You cannot wear most types of armour.
You are very stealthy in the water. (Stealth+)
You are amphibious.
You can wear up to eight rings at the same time.
You can use your tentacles to constrict eight enemies at once.
Your skin changes colour to match your surroundings (Stealth+).
Your rubbery body absorbs attacks. (AC +1, EV +1)


Message History

Jessica shouts!
You slash the hobgoblin!
You kill the hobgoblin!
A gnoll comes into view. It is wielding a flail of protection.
You feel very mighty all of a sudden.
You slice the gnoll!!
You kill the gnoll!
Jessica hits you but does no damage.
You barely miss Jessica. Your grab misses Jessica. You block Jessica's attack.
The gnoll closely misses you.
You hit Jessica. Your grab misses Jessica. You squeeze Jessica.
Jessica is almost dead.
Jessica mumbles some strange words.
Jessica blinks!
The gnoll hits you from afar with a halberd!
The gnoll hits you with a flail of protection!
* * * LOW HITPOINT WARNING * * *
Jessica mumbles some strange words.
Jessica blinks!
The gnoll hits you with a halberd!
You die...

###. #...##### .. ....
ยง. #... ###. #..# #
... #..# .#
#.####.###.###.#
#.....g@.......# .#
#.####g#####.#####.###
...#####(........#
##..........>....#
#...%........#.# .
#.#.###..###..## #.
.$g............###.#
....###..#..###.#.# .
#..#..# ##.#


You could see 2 gnolls.

Vanquished Creatures
  2 gnolls
  4 adders
  2 oozes
  2 worms (D:2)
  4 dart slugs
  A leopard gecko (D:3)
  5 orcs (D:3)
  8 bats
  4 giant cockroaches
  9 hobgoblins
  6 kobolds
  2 quokkas (D:2)
  4 frilled lizards
  7 goblins
  12 rats
72 creatures vanquished.

Notes
Turn   | Place    | Note
-------+----------+-------------------------------------------
     0 | D:1      | Ijustatesigmund the Octopode Fighter began the quest for the Orb.
     0 | D:1      | Reached XP level 1. HP: 16/16 MP: 1/1
   163 | D:1      | Reached XP level 2. HP: 20/21 MP: 2/2
   310 | D:1      | Reached XP level 3. HP: 19/26 MP: 3/3
  1167 | D:2      | Reached XP level 4. HP: 32/32 MP: 4/4
  1692 | D:3      | Reached XP level 5. HP: 32/37 MP: 5/5
  1757 | D:3      | Found a hazy altar of Hepliaklqana.
  1757 | D:3      | Found a shimmering altar of Xom.
  1757 | D:3      | Found an opulent altar of Gozag.
  1757 | D:3      | Found a sacrificial altar of Ru.
  1981 | D:3      | Noticed Jessica
  2002 | D:3      | Slain by a gnoll

Vault maps used:
D:1:      dpeg_arrival_tiny_e
D:2:      first_ration, grunt_ministairs_14
D:3:      chequers_temple_overflow_statue_of_worship, uniq_jessica

Skill      XL: |  1  2  3  4  5 |
---------------+----------------+-----
Axes           | 3 4 |  4.5
Fighting       | 4 |  4.1
Dodging        | |  3.0
Shields        | |  3.0

Action                   |  1- 3 |  4- 6 || total
-------------------------+-------+-------++-------
Melee: War axe           |    54 |    74 ||   128
       Constrict         |     8 |    19 ||    27
       Tentacles         |     6 |    15 ||    21
  Use: Potion            |     1 |     1 ||     2
       Scroll            |     4 |     6 ||    10
 Stab: Sleeping          |     7 |    10 ||    17
  Eat: Chunk             |       |     4 ||     4
Armor: Skin              |     2 |     1 ||     3
Dodge: Dodged            |    25 |    24 ||    49
Block: Shield            |    26 |    20 ||    46

Table legend:
 A = Spawn XP
 B = Non-spawn XP
 C = Spawn XP percentage of total XP
 D = Spawn monster count
 E = Non-spawn monster count
 F = Spawn count percentage of total count
 G = Total turns spent on level
                    A         B        C        D         E        F      G
               +---------+---------+-------+---------+---------+-------+---------
         Total |       0 |     217 |   0.0 |       0 |      72 |   0.0 |  2002
               +---------+---------+-------+---------+---------+-------+---------
           D:1 |       0 |      71 |   0.0 |       0 |      31 |   0.0 |  1145
           D:2 |       0 |      88 |   0.0 |       0 |      24 |   0.0 |   489
           D:3 |       0 |      58 |   0.0 |       0 |      17 |   0.0 |   368
               +---------+---------+-------+---------+---------+-------+---------
